 Dungeon Crawl Stone Soup version 0.24-a0-525-g9231cdcba1 (webtiles) character file.

Game seed: 14361236315056578791

3444 RedPan the Insei (level 9, -4/68 HPs)
             Began as a Yellow Draconian Transmuter on Aug 2, 2019.
             Was a Priest of Okawaru.
             Slain by Joseph
             ... wielding a +0 quarterstaff
              (13 damage)
             ... on level 9 of the Dungeon.
             The game lasted 00:19:33 (9761 turns).

RedPan the Insei (Yellow Draconian Transmuter)      Turns: 9761, Time: 00:19:33

Health: -4/68      AC:  2    Str: 12    XL:     9   Next: 77%
Magic:  10/14      EV: 32    Int: 15    God:    Okawaru [***...]
Gold:   405        SH:  0    Dex: 22    Spells: 5/15 levels left

rFire    . . .     SeeInvis .     - Unarmed
rCold    . . .     Gourm    .   (shield currently unavailable)
rNeg     . . .     Faith    .   (armour unavailable)
rPois    .         Spirit   .   (helmet currently unavailable)
rElec    .         Reflect  .   (cloak currently unavailable)
rCorr    .         Harm     .   (gloves currently unavailable)
MR       .....                  (boots currently unavailable)
Stlth    +++.......             (no amulet)
HPRegen  0.21/turn              B - ring of poison resistance
MPRegen  0.14/turn              j - +3 ring of dexterity

@: spider-form (expiring), heroism, lightly drained
A: tiny, (spit acid), unfitting armour, AC +7
a: End Transformation, Heroism, Renounce Religion


You were on level 9 of the Dungeon.
You worshipped Okawaru.
Okawaru was most pleased with you.
You were very hungry.
You were a venomous arachnid creature.
You visited 1 branch of the dungeon, and saw 9 of its levels.
You also visited: Ossuary.

You collected 461 gold pieces.
You spent 56 gold pieces at shops.

Inventory:

Missiles
 a - 144 arrows
Armour
 l - a +0 cloak (melded)
 s - a +0 pair of boots (melded)
Jewellery
 j - a +3 ring of dexterity (right front leg)
 p - an uncursed amulet of faith {unknown}
 B - a ring of poison resistance (left front leg)
Wands
 d - a wand of iceblast (14)
 i - a wand of enslavement (8)
 r - a wand of disintegration (13)
Scrolls
 e - a scroll of enchant weapon
 f - a scroll of teleportation
 k - a scroll of blinking
 q - a scroll of amnesia
 w - a scroll of magic mapping
 y - 2 scrolls of remove curse
Potions
 b - 2 potions of ambrosia
 g - a potion of magic
 h - a potion of invisibility {unknown}
 m - 2 potions of agility
 n - 2 potions of might
 o - a potion of lignification
 t - 2 potions of haste
 u - a potion of heal wounds {unknown}
 z - 3 potions of curing
 A - 2 potions of flight
Comestibles
 c - 10 rations


   Skills:
 + Level 2.8(7.2) Fighting
 + Level 6.1(10.4) Dodging
 + Level 7.1(11.4) Unarmed Combat
 + Level 3.6(3.0) Spellcasting
 - Level 7.0(6.4) Transmutations
 - Level 4.0(3.4) Poison Magic
 - Level 6.0(5.4) Invocations


You had 5 spell levels left.
You knew the following spells:

 Your Spells              Type           Power        Failure   Level  Hunger
a - Blade Hands           Tmut           ###.......   58%         5    ######.
b - Sticks to Snakes      Tmut           ###.....     9%          2    ##.....
c - Spider Form           Tmut/Pois      ###.......   21%         3    ###....

Your spell library contained the following spells:

 Spells                   Type           Power        Failure   Level  Hunger
 Beastly Appendage        Tmut           ###...       6%          1    #......
 Ice Form                 Ice/Tmut       ##......     69%         4    #####..


Dungeon Overview and Level Annotations

Branches:
Dungeon (9/15)             Temple (0/1) D:5
   Lair: D:8-11         Orc: D:9-12

Altars:
Elyvilon
Fedhas
Okawaru
Sif Muna
Trog
Yredelemnul

Shops:
D:4 !:*

Annotations:
D:9 Joseph


Innate Abilities, Weirdness & Mutations

((You can spit globs of acid.))
((Your golden yellow scales are hard. (AC +7)))
You cannot fit into any form of body armour.
((You are cold-blooded and may be slowed by cold attacks.))
((You are resistant to acid. (rCorr)))


Message History

Joseph is moderately wounded.
Joseph hits you with a +0 quarterstaff!
* * * LOW HITPOINT WARNING * * *
Unknown command.
You bite Joseph!
Joseph is poisoned.
Joseph is heavily wounded.
Your transformation is almost over.
The howler monkey hoots and howls with incredible vigour!
Joseph misses you.
You hear an angry hiss.
You hear a shout! x2; You hear a screech!
You hear a bark!
You closely miss Joseph.
Joseph is heavily wounded.
Joseph hits you with a +0 quarterstaff!
* * * LOW HITPOINT WARNING * * *
Okay, then.
You gain the combat prowess of a mighty hero.
Joseph screams, "I'm going to kill you!
Now!"
Joseph hits you with a +0 quarterstaff!
You die...

+ ..# .. ##.###### ##.#
#.......# # .....
#.......# # ......#####
#.......####
.....h@s(.###.......#...
.....h###..##.........##
..... ##..........###
>... ####.......# ...
######.## .. #.# # #.#
..# .##


You could see Joseph, a howler monkey and a jackal.

Vanquished Creatures
  Grinder (D:6)
  2 hippogriffs
  A hungry ghost (D:7)
  Menkaure (D:5)
  An orc warrior (D:8)
  A phantom (D:9)
  An eye of draining (D:8)
  3 ogres
  3 centaurs
  A big kobold (D:8)
  5 bullfrogs
  Blork the orc (D:6)
  A wyvern zombie (D:8)
  A scorpion (D:4)
  3 wights (D:8)
  A howler monkey (D:6)
  3 crimson imps
  A gnoll shaman (D:4)
  A hound (D:8)
  2 jellies
  5 orc priests
  7 orc wizards
  2 bullfrog skeletons
  Terence (D:2)
  Crazy Yiuf (D:2)
  Jessica (D:2)
  An iguana (D:8)
  4 worker ants
  A hound zombie (D:7)
  8 mummies (Ossuary)
  Robin (D:2)
  3 gnolls (D:4)
  A howler monkey skeleton (D:4)
  6 adders
  A shadow imp (D:8)
  An ooze (D:2)
  An adder skeleton (D:8)
  A worm (D:2)
  3 dart slugs
  5 leopard geckos
  22 orcs
  6 giant cockroaches
  15 goblins
  14 hobgoblins
  9 jackals
  16 kobolds
  5 quokkas
  A ball python (D:1)
  8 bats
  4 frilled lizards
  A gnoll zombie (Ossuary)
  3 hobgoblin zombies (Ossuary)
  2 kobold zombies (Ossuary)
  2 orc zombies (Ossuary)
  7 rats
  A spectral orc (D:3)
204 creatures vanquished.

Notes
Turn   | Place    | Note
-------+----------+-------------------------------------------
     0 | D:1      | RedPan the Draconian Transmuter began the quest for the
                  | Orb.
     0 | D:1      | Reached XP level 1. HP: 16/16 MP: 3/3
   363 | D:1      | Reached XP level 2. HP: 21/23 MP: 5/5
   936 | D:1      | Reached XP level 3. HP: 27/28 MP: 6/6
  1457 | D:2      | Learned a level 2 spell: Sticks to Snakes
  1461 | D:2      | Learned a level 3 spell: Spider Form
  1502 | D:2      | Found a deep blue altar of Sif Muna.
  1502 | D:2      | Noticed Terence
  1512 | D:2      | Killed Terence
  1512 | D:2      | Reached skill level 1 in Poison Magic
  1512 | D:2      | Reached XP level 4. HP: 22/35 MP: 3/7
  1725 | D:2      | Noticed Robin
  1735 | D:2      | Killed Robin
  2263 | D:2      | Found a runed translucent door.
  2264 | D:2      | Noticed Crazy Yiuf
  2322 | D:2      | Noticed Jessica
  2330 | D:2      | Killed Jessica
  2330 | D:2      | Reached XP level 5. HP: 40/40 MP: 4/8
  2489 | D:2      | Killed Crazy Yiuf
  2809 | D:3      | Found a basalt altar of Yredelemnul.
  2967 | D:3      | Reached skill level 5 in Transmutations
  3450 | D:3      | Found an iron altar of Okawaru.
  3711 | D:3      | Became a worshipper of Warmaster Okawaru
  3814 | D:4      | Found Iresituz's Distillery.
  3821 | D:4      | Bought a potion of might for 56 gold pieces
  4031 | D:4      | Found Raones's Book Shoppe.
  4056 | D:4      | Reached XP level 6. HP: 25/47 MP: 7/9
  4328 | D:4      | Found Jeqaom's General Store.
  4929 | D:4      | Reached * piety under Okawaru
  5063 | D:4      | Your scales start taking on a golden yellow colour.
  5063 | D:4      | Reached XP level 7. HP: 52/52 MP: 6/10
  5063 | D:4      | Gained mutation: You are resistant to acid. (rCorr) [Yellow
                  | Draconian growth]
  5330 | D:5      | Entered Level 5 of the Dungeon
  5507 | D:5      | Noticed Menkaure
  5512 | D:5      | Reached skill level 1 in Invocations
  5517 | D:5      | Killed Menkaure
  6117 | D:5      | Found a staircase to the Ecumenical Temple.
  6389 | D:5      | Reached ** piety under Okawaru
  6389 | D:5      | Reached XP level 8. HP: 25/59 MP: 8/11
  6720 | D:6      | Found a bloodstained altar of Trog.
  6784 | D:6      | Learned a level 5 spell: Blade Hands
  6798 | D:6      | Found a white marble altar of Elyvilon.
  6834 | D:6      | Noticed Blork the orc
  6841 | D:6      | Killed Blork the orc
  6841 | D:6      | Noticed Grinder
  6846 | D:6      | Paralysed by Grinder for 3 turns
  6852 | D:6      | Paralysed by Grinder for 6 turns
  6867 | D:6      | Paralysed by Grinder for 6 turns
  6873 | D:6      | Killed Grinder
  6873 | D:6      | Reached skill level 5 in Unarmed Combat
  7115 | D:6      | You fall into a shaft and drop 2 floors!
  7152 | D:8      | Reached skill level 5 in Invocations
  7290 | D:7      | Reached *** piety under Okawaru
  7290 | D:7      | Reached XP level 9. HP: 62/64 MP: 9/12
  7348 | D:7      | Found a sand-covered staircase.
  7351 | D:7      | Reached skill level 5 in Dodging
  7371 | Ossuary  | Entered an ossuary
  8052 | D:7      | Found a blossoming altar of Fedhas.
  9738 | D:9      | Noticed Joseph
  9761 | D:9      | Slain by Joseph

Levels and vault maps discovered:
D:1:      wheals_arrival_linesprint, layout_basic
D:2:      layout_basic, overflow_temple_1_default, uniq_robin, uniq_jessica,
          uniq_crazy_yiuf_cottage, uniq_terence
D:3:      layout_basic, yredelemnul_forgotten_temple_becter,
          okawaru_metal_pillars_1_2
D:4:      layout_gridville, first_ration, serial_shops,
          nicolae_shop_window_shopping, shop, nicolae_shop_crystal
D:5:      layout_basic, minmay_temple_entry_overgrown, uniq_menkaure
D:6:      layout_basic, nicolae_overflow_crystal_walls, elyvilon_altar_5,
          uniq_grinder, uniq_blork_the_orc
D:7:      layout_rooms, nicolae_ossuary_entry_plus, fedhas_ov_isle_minmay
D:8:      layout_loops_ring
D:9:      layout_roguey, lair_entry_dummy, zombieorc2_lemuel, grunt_livestock,
          minmay_mirror_moons_of_madness, uniq_harold, uniq_joseph

Skill      XL: |  1  2  3  4  5  6  7  8  9 |
---------------+----------------------------+-----
Transmutations | 3 4 5 6 7 |  7.0
Poison Magic   | 1 2 3 4 |  4.0
Unarmed Combat | 4 5 7 |  7.1
Dodging        | 2 3 4 6 |  6.1
Invocations    | 3 5 6 |  6.0
Spellcasting   | 3 |  3.6
Fighting       | 2 |  2.8

Action                   |  1- 3 |  4- 6 |  7- 9 || total
-------------------------+-------+-------+-------++-------
Melee: Unarmed           |   114 |   271 |   389 ||   774
       Tailslap          |     7 |    18 |     4 ||    29
       Kick              |     4 |    12 |       ||    16
       Punch             |     3 |     3 |     2 ||     8
       Headbutt          |     8 |     8 |       ||    16
 Cast: Beastly Appendage |    17 |    16 |       ||    33
       Spider Form       |     1 |    10 |    37 ||    48
Invok: Heroism           |       |       |     4 ||     4
Evoke: Wand              |       |       |    15 ||    15
  Use: Scroll            |     4 |     3 |    10 ||    17
       Potion            |       |     1 |       ||     1
 Stab: Sleeping          |     1 |       |       ||     1
  Eat: Chunk             |     2 |    13 |    16 ||    31
       Ration            |       |       |     1 ||     1
Armor: Skin              |    34 |    64 |    27 ||   125
Dodge: Dodged            |    69 |   190 |   289 ||   548

Table legend:
 A = Non-vault XP
 B = Vault XP
 C = Vault XP percentage of total XP
 D = Non-vault monster count
 E = Vault monster count
 F = Vault count percentage of total count
                 A         B        C        D         E       F
            +---------+---------+-------+---------+---------+-------
      Total |    4108 |     812 |  16.5 |     170 |      34 |  16.7
            +---------+---------+-------+---------+---------+-------
        D:1 |      52 |       0 |   0.0 |      29 |       0 |   0.0
        D:2 |      66 |     144 |  68.6 |      26 |      14 |  35.0
        D:3 |      45 |       1 |   2.2 |      18 |       1 |   5.3
        D:4 |     429 |       0 |   0.0 |      17 |       0 |   0.0
        D:5 |     583 |     172 |  22.8 |      15 |       1 |   6.2
        D:6 |     383 |     344 |  47.3 |       8 |       2 |  20.0
        D:7 |     616 |       0 |   0.0 |      15 |       0 |   0.0
        D:8 |    1754 |       0 |   0.0 |      37 |       0 |   0.0
        D:9 |     180 |       0 |   0.0 |       5 |       0 |   0.0
    Ossuary |       0 |     151 | 100.0 |       0 |      16 | 100.0
            +---------+---------+-------+---------+---------+-------
